 Dungeon Crawl Stone Soup version 0.30-a0-1160-g6e42c06 (webtiles) character file.

Game seed: 12954713057577356462

441 Dorkslayer the Trooper (level 7, -6/44 HPs)
             Began as a Gargoyle Fighter on Apr 25, 2023.
             Mangled by an ogre
             ... wielding a +0 giant club
              (18 damage)
             ... on level 4 of the Dungeon.
             The game lasted 00:06:34 (2535 turns).

Dorkslayer the Trooper (Gargoyle Fighter)           Turns: 2535, Time: 00:06:34

Health: -6/44      AC: 15    Str: 19    XL:     7   Next: 2%
Magic:  7/7        EV:  8    Int:  9    God:
Gold:   172        SH:  5    Dex: 11    Spells: 6/6 levels left

rFire   . . .        i - +8 mace of Responsibility {holy, *Noise rC++}
rCold   + + .        c - +1 buckler
rNeg    + . .        p - +0 chain mail
rPois   ∞            j - +0 helmet
rElec   +            (no cloak)
rCorr   .            (no gloves)
SInv    .            (no boots)
Will    .....        (no amulet) Stlth
                     (no ring)
HPRegen 0.27/turn    (no ring)
MPRegen 0.10/turn

%: no passive effects
@: no status effects
A: sickness immunity, AC +4, negative energy resistance 1, electricity
resistance, torment resistance 1, petrification resistance
a: no special abilities


You were on level 4 of the Dungeon.
You visited 1 branch of the dungeon, and saw 4 of its levels.

You collected 172 gold pieces.

Inventory:

Hand Weapons
 a - a +0 war axe
 i - the +8 mace of Responsibility (weapon) {holy, *Noise rC++}
   (You found it on level 2 of the Dungeon)

   rC:        It greatly protects you from cold.
   *Noise:    It may make noises in combat.
Missiles
 d - a boomerang (quivered)
Armour
 c - a +1 buckler (worn)
 j - a +0 helmet (worn)
 p - a +0 chain mail (worn)
Scrolls
 f - 3 scrolls of teleportation
 g - 2 scrolls of fear
 k - a scroll of blinking {unknown}
 o - a scroll of enchant weapon {unknown}
 q - a scroll of fog
Potions
 b - a potion of flight {unknown}
 e - a potion of mutation
 h - 2 potions of curing
 m - a potion of magic


   Skills:
 + Level 4.5 Fighting
 - Level 1.8(3.2) Axes
 * Level 4.3(4.6) Maces & Flails
 + Level 4.2 Armour
 * Level 2.0 Dodging
 + Level 1.0 Stealth
 + Level 3.8 Shields


You had 6 spell levels left.
You didn't know any spells.
Your spell library was empty.

Dungeon Overview and Level Annotations

Branches:
Dungeon (4/15)
 Temple: D:4-7

Altars:
Hepliaklqana


Innate Abilities, Weirdness & Mutations

You are immune to sickness and miasma.
Your stone body is resilient. (AC +4)
You are immune to poison.
You resist negative energy. (rN+)
You are resistant to electric shocks. (rElec)
You are resistant to unholy torment.
You are immune to petrification.


Message History

The black bear attacks as you move away!
The black bear barely misses you.
The black bear claws you but does no damage.
You block the black bear's attack.
The black bear attacks as you move away!
The black bear bites you but does no damage.
The black bear claws you but does no damage. x2
The black bear bites you but does no damage.
The black bear claws you but does no damage. x2
The ogre attacks as you move away! The ogre closely misses you.
The black bear attacks as you move away!
The black bear bites you but does no damage.
The black bear closely misses you. You block the black bear's attack.
The black bear attacks as you move away!
You block the black bear's attack.
The black bear claws you but does no damage. x2
Okay, then.
You hit the black bear.
The black bear is heavily wounded.
The black bear closely misses you.
The black bear claws you but does no damage. x2
You hit the black bear.
The black bear is severely wounded.
The black bear completely misses you. The black bear claws you.
The black bear claws you but does no damage.
The black bear closely misses you. You block the black bear's attack. x2
You thump the black bear!
You kill the black bear!
Your Maces & Flails skill increases to level 4!
Your Dodging skill increases to level 2!
You have reached level 7!
You thump the ogre!
The ogre is moderately wounded.
The ogre hits you with a +0 giant club!!
Ouch! That really hurt!
* * * LOW HITPOINT WARNING * * *
You hit the ogre.
The ogre is moderately wounded.
The ogre hits you with a +0 giant club!!
You die...

*,,**,****.......#...#
,,***.#*##..#........#
##* *.#..........,...#
.####.#.#*,#.....,,..##
.....)..#*.#.....###..#
........##.#,,#....#..#
............,,#.##....#
..........#**,#..####.##
...[....##* *,*#@# #..#
.......#### #.##O# ###.##
.#........###.##.###....#
.##.....#..##.##..##.O..#
####.##..#.##.###..#....#
#....###......####......#
..........###...#.......#
#.........#.....#.......#
..#.......#.............#


You could see an ogre.

Vanquished Creatures
  The ghost of niggles the Sneak, an amateur OpBr (D:4)
  A black bear (D:4)
  A scorpion (D:4)
  An iguana (D:4)
  An orc wizard (D:4)
  Robin (D:4)
  2 adders
  A worm (D:2)
  A dart slug (D:2)
  11 orcs
  6 ball pythons
  4 endoplasms
  2 giant cockroaches (D:4)
  7 hobgoblins
  4 kobolds
  4 quokkas
  10 bats
  3 frilled lizards
  13 goblins
  2 rats (D:3)
76 creatures vanquished.

Notes
Turn   | Place    | Note
-------+----------+-------------------------------------------
     0 | D:1      | Dorkslayer the Gargoyle Fighter began the quest for the
                  | Orb.
     0 | D:1      | Reached XP level 1. HP: 14/14 MP: 1/1
   302 | D:1      | Found a faded altar of an unknown god.
   315 | D:1      | Reached XP level 2. HP: 19/19 MP: 2/2
   878 | D:2      | Identified the +8 mace of Responsibility {holy, *Noise
                  | rC++}
  1083 | D:2      | Reached XP level 3. HP: 23/23 MP: 3/3
  1238 | D:2      | Found a hazy altar of Hepliaklqana.
  1528 | D:3      | Reached skill level 1 in Maces & Flails
  1568 | D:3      | Identified the +0 robe of Hospitality {rElec rPois rF+
                  | Dex+2}
  1872 | D:3      | Reached XP level 4. HP: 28/28 MP: 4/4
  1877 | D:3      | Reached skill level 1 in Dodging
  2065 | D:4      | Found a runed translucent door.
  2077 | D:4      | Noticed niggles's ghost (amateur OpBr)
  2085 | D:4      | Killed niggles's ghost
  2086 | D:4      | Reached skill level 1 in Stealth
  2086 | D:4      | Reached XP level 5. HP: 33/33 MP: 5/5
  2234 | D:4      | Reached XP level 6. HP: 36/38 MP: 6/6
  2239 | D:4      | Noticed Robin
  2374 | D:4      | Killed Robin
  2511 | D:4      | Noticed a black bear
  2533 | D:4      | Killed a black bear
  2534 | D:4      | Reached XP level 7. HP: 34/44 MP: 7/7
  2535 | D:4      | Mangled by an ogre

Illustrated notes

Levels and vault maps discovered:
D:1:      dpeg_arrival_orchard, layout_basic, basic_ecumenical_altar
D:2:      minmay_alternating_diamond, layout_basic, basic_altar
D:3:      layout_basic
D:4:      layout_rooms, gammafunk_ghost_grave, uniq_robin

Skill      XL: |  1  2  3  4  5  6 |
---------------+-------------------+-----
Maces & Flails | 1 3 4 |  4.3
Dodging        | 1 2 |  2.0
Armour         | 4 |  4.2
Stealth        | 1 |  1.0
Fighting       | 4 |  4.5
Axes           | |  1.8
Shields        | |  3.8

Action                     |  1- 3 |  4- 6 |  7- 9 || total
---------------------------+-------+-------+-------++-------
  Melee: War axe           |    41 |       |       ||    41
         Mace              |    64 |    84 |     2 ||   150
    Use: Scroll            |     5 |     7 |       ||    12
         Potion            |       |     1 |       ||     1
 Armour: Scale mail        |    71 |     4 |       ||    75
         Chain mail        |       |    65 |       ||    65
  Dodge: Dodged            |    77 |    42 |       ||   119
  Block: Buckler           |    22 |    27 |       ||    49

Table legend: (Time is in decaauts)
 A = Elapsed time spent in this place.
 B = Non-inter-level travel time spent in this place.
 C = Inter-level travel time spent in this place.
 D = Time resting spent in this place.
 E = Time spent auto-exploring this place.
 F = Levels seen in this place.
 G = Mean time per level.
                   A        B        C        D        E       F      G
               +--------+--------+--------+--------+--------+-----+--------+
         Total |   2595 |   2595 |      0 |     34 |   1380 |   4 |  648.8 |
       Dungeon |   2595 |   2595 |      0 |     34 |   1380 |   4 |  648.8 |
               +--------+--------+--------+--------+--------+-----+--------+

Top non-repeatable levels by time:
     D:1: 821 daAuts
     D:2: 676 daAuts
     D:3: 556 daAuts
     D:4: 542 daAuts
